AoeStats
← BruteSquad

Arabia

510399147Analyzed
1v1 RM · 9h ago on Sep 30, 2026· 39m 26s· 2 players
Game mode
Random Map
Map size
Tiny (2 player)
Population
200
Speed
Normal
Resources
Standard
Victory
Conquest
Starting age
Dark Age
Ending age
Imperial Age
RankedLock teamsTeams togetherTeam positionsShared explorationLock speedFull tech treeHidden civsTurbo modeCheats
Victory
Defeat
🇺🇸 Japanese · United States
870
+16
🇲🇽 Vietnamese · Mexico
880
-16
BruteSquad
6:29 Loom
10:10 Feudal Age
10:39 Man-at-Arms
14:21 Wheelbarrow
17:25 Double-Bit Axe
17:29 Horse Collar
19:07 Fletching
23:12 Castle Age
21:57 Padded Archer Armor
24:59 Hand Cart
24:57 Bow Saw
24:49 Heavy Plow
26:30 Crossbowman
27:47 Bodkin Arrow
29:17 Leather Archer Armor
29:13 Forging
32:11 Iron Casting
31:36 Scale Mail Armor
39:08 Imperial Age
Moonblossom
8:07 Loom
10:27 Feudal Age
20:13 Castle Age
18:51 Double-Bit Axe
18:48 Horse Collar
21:45 Padded Archer Armor
31:09 Gold Mining
34:10 Elite Skirmisher
Connection lost

Rejoining the realm…

Still unreachable

The connection could not be restored.

Session expired

The server has moved on; the page needs a fresh start.